 Dungeon Crawl Stone Soup version 0.28.0-45-g0d030f2227 (webtiles) character file.

Game seed: 3917277989723896239

788 101zpm the Magician (level 8, 0/50 HPs)
             Began as a Djinni Ice Elementalist on Apr 14, 2022.
             Slain by a wight
             ... wielding a +0 falchion
              (5 damage)
             ... on level 6 of the Dungeon.
             The game lasted 00:17:02 (7865 turns).

101zpm the Magician (Djinni Ice Elementalist)       Turns: 7865, Time: 00:17:03

Health: 0/50       AC:  3    Str:  7    XL:     8   Next: 12%
Gold:   193        EV: 13    Int: 18    God:
                   SH:  0    Dex: 15

rFire   + + +      SeeInvis .   (no weapon)
rCold   x . .      Faith    .   (no shield)
rNeg    . . .      Spirit   .   a - +0 robe
rPois   ∞          Reflect  .   (no helmet)
rElec   .          Harm     .   (no cloak)
rCorr   .          Rampage  .   g - +0 pair of gloves
Will    .....                   (boots unavailable)
Stlth   ++........              (no amulet)
HPRegen 0.16/turn               d - ring of protection from fire
MPRegen 0.00/turn               (no ring)

@: flying
A: sickness immunity, fire resistance 2, cold vulnerability 1, float, innate
caster, HP casting, extra vitality 1
a: no special abilities


You were on level 6 of the Dungeon.
You visited 1 branch of the dungeon, and saw 6 of its levels.

You collected 193 gold pieces.

Inventory:

Missiles
 k - 87 stones
 l - 4 javelins
Armour
 a - a +0 robe (worn)
 g - a +0 pair of gloves (worn)
Jewellery
 d - a ring of protection from fire (left hand)
Wands
 m - a wand of flame (41)
 o - a wand of paralysis (8)
Scrolls
 e - a scroll of blinking {unknown}
 j - 4 scrolls of identify {unknown}
 n - a scroll of vulnerability {unknown}
Potions
 b - a potion of haste {unknown}
 c - 5 potions of curing {unknown}
 f - 2 potions of might {unknown}
 h - 2 potions of lignification {unknown}
 i - a potion of attraction {unknown}


   Skills:
 + Level 0.2 Fighting
 + Level 3.0 Dodging
 + Level 2.8 Stealth
 + Level 6.8 Spellcasting


You had 3 spell levels left.
You knew the following spells:

 Your Spells              Type           Power      Damage    Failure   Level
a - Freeze                Ice            100%       1d11      1%          1
b - Frozen Ramparts       Ice            60%        1d8       1%          3
c - Ozocubu's Armour      Ice            30%        N/A       1%          3
d - Hailstorm             Conj/Ice       30%        3d8       6%          4
e - Shock                 Conj/Air       100%       1d9       1%          1
f - Corpse Rot            Necr/Air       60%        N/A       1%          2
g - Lesser Beckoning      Tloc           30%        N/A       1%          3
Your spell library was empty.

Dungeon Overview and Level Annotations

Branches:
Dungeon (6/15)             Temple (0/1) D:5

Altars:
Uskayaw

Annotations:
D:5 Grinder
D:6 Eustachio


Innate Abilities, Weirdness & Mutations

You are immune to sickness and miasma.
You are immune to poison.
Your flesh is very heat resistant. (rF++)
You are vulnerable to cold. (rC-)
You float through the air rather than walking.
You learn spells naturally, not from books.
Your magical power is your life essence.
You have superior vitality. (+4 MHP)


Message History

Eustachio is heavily wounded.
The frozen ramparts melt away.
The gnoll sergeant hits you but does no damage.
The wight barely misses you. The gnoll sergeant closely misses you.
Casting: Shock (safe; 1% risk of failure)
Confirm with . or Enter, or press ? or * to list all spells.
Casting: Frozen Ramparts (safe; 1% risk of failure)
Press: ? - help, Dir - look around, f - activate The walls around you are covered in ice.
The wall freezes the gnoll sergeant.
You kill the gnoll sergeant!
The wight completely resists.
The wall freezes the wight but does no damage.
The wight hits you with a +0 falchion!
* * * LOW HITPOINT WARNING * * *
The wall freezes the gnoll sergeant!
The gnoll sergeant hits you but does no damage.
Eustachio gestures wildly while chanting.
Eustachio blinks!
Your Dodging skill increases to level 3!
Casting: Frozen Ramparts (safe; 1% risk of failure)
Confirm with . or Enter, or press ? or * to list all spells.
Aiming: Shock (safe; 1% risk of failure)
Press: ? - help, Shift-Dir - straight line, f - gnoll sergeant
Aim: a gnoll sergeant, wielding a +0 trident, wearing a +0 chain mail and wearing a +0 kite shield (almost dead, 88% to hit)
The zap misses the wight.
The zap hits the gnoll sergeant.
The gnoll sergeant is almost dead.
* * * LOW HITPOINT WARNING * * *
The wight completely resists.
The wall freezes the wight but does no damage.
The wight hits you with a +0 falchion.
* * * LOW HITPOINT WARNING * * *
The wall freezes the gnoll sergeant.
The gnoll sergeant closely misses you.
Your icy armour and frozen ramparts will break if you move.
Continue?
Your icy armour cracks and falls away as you move.
The frozen ramparts melt away as you move.
Found a wand of flame (20).
There is a stone staircase leading up here.
The wight hits you with a +0 falchion.
You die...

.. )#.( ..###..
........#############
...$.........##...##
#))####..........##
#.g.#............#
###.#............#
#.#............#
#..#....z@....##
##..#....#...##
##...##.#####
.....###.# ....#..
#.# ....##....# .../
$#... ..... .....


You could see a wight.

Vanquished Creatures
  Menkaure (D:4)
  Duvessa (D:4)
  2 ogres (D:4)
  A gnoll sergeant (D:6)
  Dowan (D:4)
  A wight (D:6)
  A bullfrog zombie (D:6)
  A hound (D:4)
  A hound zombie (D:5)
  Robin (D:4)
  3 gnolls
  A howler monkey skeleton (D:4)
  5 adders
  A white imp (D:4)
  A dart slug (D:1)
  2 orcs (D:4)
  3 endoplasms
  A giant cockroach (D:4)
  8 goblins
  9 hobgoblins
  2 jackals (D:4)
  6 kobolds
  4 quokkas
  7 ball pythons
  3 bats
  2 frilled lizards
  4 rats
73 creatures vanquished.

Notes
Turn   | Place    | Note
-------+----------+-------------------------------------------
     0 | D:1      | 101zpm the Djinni Ice Elementalist began the quest for the
                  | Orb.
     0 | D:1      | Reached XP level 1. HP: 15/15 MP: 0/0
   379 | D:1      | Reached XP level 2. HP: 12/21 MP: 0/0
   854 | D:1      | Reached XP level 3. HP: 12/25 MP: 0/0
   854 | D:1      | Learned a level 1 spell: Shock
  1328 | D:1      | Reached skill level 4 in Spellcasting
  2069 | D:2      | Reached XP level 4. HP: 22/31 MP: 0/0
  2195 | D:2      | You are sucked into a shaft and drop 1 floor!
  2496 | D:3      | Found a faded altar of an unknown god.
  2496 | D:3      | Noticed a Brimstone Fiend
  3447 | D:4      | Noticed Duvessa
  3447 | D:4      | Noticed Dowan
  3453 | D:4      | Killed Dowan
  3454 | D:4      | Reached XP level 5. HP: 24/35 MP: 0/0
  3454 | D:4      | Learned a level 2 spell: Corpse Rot
  3456 | D:4      | Killed Duvessa
  3457 | D:4      | Reached skill level 5 in Spellcasting
  3457 | D:4      | Reached XP level 6. HP: 4/40 MP: 0/0
  3870 | D:4      | Noticed an ogre
  3879 | D:4      | Killed an ogre
  4239 | D:4      | Reached XP level 7. HP: 38/45 MP: 0/0
  4239 | D:4      | Learned a level 3 spell: Lesser Beckoning
  4239 | D:4      | Noticed Robin
  4244 | D:4      | Killed Robin
  4539 | D:4      | Noticed Menkaure
  4544 | D:4      | Killed Menkaure
  4545 | D:4      | Reached skill level 6 in Spellcasting
  4736 | D:4      | Found a hide-covered altar of Uskayaw.
  5292 | D:5      | Entered Level 5 of the Dungeon
  5364 | D:5      | Found a staircase to the Ecumenical Temple.
  5364 | D:5      | Noticed Grinder
  6888 | D:5      | Paralysed by Grinder for 6 turns
  7842 | D:6      | Noticed Eustachio
  7849 | D:6      | Reached XP level 8. HP: 34/50 MP: 0/0
  7865 | D:6      | Slain by a wight

Illustrated notes

Levels and vault maps discovered:
D:1:      dpeg_arrival_rooms_b, layout_loops_corners, chequers_garden,
          minmay_liquid_box, minivault_25
D:2:      layout_rooms, basic_altar, serial_shops, shop_coins, uniq_terence
D:3:      layout_basic, dreamdust_ecumenical_altar_sealed_demon,
          serial_aquarium, aquarium_bridge_square [aquarium_subvault_window,
          aquarium_subvault_bridge, aquarium_subvault_bridge,
          aquarium_subvault_window], aquarium_bridge_long_joined
          [aquarium_subvault_bridge, aquarium_subvault_bridge,
          aquarium_subvault_window, aquarium_subvault_bridge,
          aquarium_subvault_wall, aquarium_subvault_window],
          aquarium_window_corner, aquarium_window_1, aquarium_window_fake,
          aquarium_view_2c, aquarium_view_2c, lemuel_another_geyser
D:4:      layout_basic, nicolae_uskayaw_dance_hall, uniq_duvessa, uniq_robin,
          uniq_menkaure
D:5:      layout_rooms, minmay_temple_entry_ruins, uniq_grinder
D:6:      gammafunk_wand_slinger, layout_rooms, grunt_decor_cap, sword_in_stone,
          uniq_sigmund

Skill      XL: |  1  2  3  4  5  6  7  8 |
---------------+-------------------------+-----
Spellcasting   | 4 5 6 |  6.8
Stealth        | 2 |  2.8
Dodging        | 3 |  3.0
Fighting       | |  0.2

Action                   |  1- 3 |  4- 6 |  7- 9 || total
-------------------------+-------+-------+-------++-------
 Cast: Freeze            |    25 |     4 |     7 ||    36
       Shock             |    30 |    34 |    73 ||   137
       Frozen Ramparts   |     2 |    11 |    10 ||    23
       Ozocubu's Armour  |       |     2 |     4 ||     6
       Corpse Rot        |       |       |     1 ||     1
Armor: Robe              |     6 |     4 |    14 ||    24
Dodge: Dodged            |    10 |     6 |    27 ||    43
